 Dungeon Crawl Stone Soup version 0.32-a0-86-g8db1b9f803 (webtiles) character file.

Game seed: 7554870660912608062

6563 CraigForest the Covert (level 10, -7/76 HPs)
             Began as a Vampire Brigand on Feb 5, 2024.
             Was a Follower of Dithmenos.
             Shot with an arrow by a centaur warrior (18 damage)
             ... on level 8 of the Dungeon.
             The game lasted 00:38:20 (7276 turns).

CraigForest the Covert (Vampire Brigand)            Turns: 7276, Time: 00:38:21

Health: -7/76      AC: 10    Str: 10    XL:     10   Next: 70%
Magic:  10/10      EV: 36    Int: 14    God:    Dithmenos [*.....]
Gold:   419        SH:  0    Dex: 20    Spells: 8/9 levels left

rFire   . . .        P - +4 long sword
rCold   + . .        (no shield)
rNeg    . . .        v - +2 leather armour of a bailey {Will+ Regen+ rCorr}
rPois   .            U - +2 helmet
rElec   .            c - +0 cloak
rCorr   +            (no gloves)
SInv    +            i - +0 pair of boots
Will    ++...        j - amulet of the acrobat
Stlth   ++++++       g - +5 ring of evasion
HPRegen 1.32/turn    b - ring of protection from cold
MPRegen 0.12/turn

%: acrobat
@: mighty, acrobatic, healing quickly, hasted, wreathed by umbra, very quick
A: alive, fangs 3, see invisible, vampiric 2
a: Exsanguinate, Renounce Religion


You were on level 8 of the Dungeon.
You worshipped Dithmenos.
Dithmenos was aware of your devotion.
You visited 2 branches of the dungeon, and saw 9 of its levels.

You collected 419 gold pieces.

Inventory:

Hand Weapons
 a - a +2 dagger
 z - a +0 rapier
 E - a +0 long sword
 J - a +2 dagger of venom
 K - a +0 orcbow
 O - a +1 short sword of electrocution
 P - a +4 long sword (weapon)
 Q - a +2 falchion
 T - a +2 dagger of speed
Missiles
 d - 29 poisoned darts (quivered)
 e - 3 curare-tipped darts
Armour
 c - a +0 cloak (worn)
 i - a +0 pair of boots (worn)
 m - a +0 plate armour of cold resistance
 o - the +1 robe of the Skies Above {rElec Str+6}
   (You found it on level 2 of the Dungeon)

   Str+6:     It affects your strength (+6).
   rElec:     It insulates you from electricity.
 v - the +2 leather armour of a bailey (worn) {Will+ Regen+ rCorr}
   (You found it on level 5 of the Dungeon)

   Will+:     It increases your willpower.
   Regen+:    It increases your rate of health regeneration.
   rCorr:     It protects you from acid and corrosion.
 I - a +0 kite shield
 U - a +2 helmet (worn)
Jewellery
 b - a ring of protection from cold (right hand)
 g - a +5 ring of evasion (left hand)
 j - an amulet of the acrobat (around neck)
 W - a ring of fire
Talismans
 F - a beast talisman
Wands
 y - a wand of iceblast (9)
 B - a wand of flame (12)
 G - a wand of charming (13)
 M - a wand of polymorph (9)
Scrolls
 f - a scroll of torment {unknown}
 k - 3 scrolls of noise
 l - a scroll of blinking
 p - 2 scrolls of revelation
 q - a scroll of vulnerability {unknown}
 s - a scroll of brand weapon {unknown}
 w - a scroll of fear {unknown}
 C - a scroll of poison
 H - a scroll of amnesia
Potions
 n - a potion of might
 r - a potion of curing
 t - a potion of cancellation
 x - a potion of mutation
 A - 3 potions of enlightenment
 N - 2 potions of attraction
 R - a potion of berserk rage
 S - 2 potions of magic
 V - 4 potions of degeneration


   Skills:
 + Level 6.0 Fighting
 + Level 8.6(10.0) Short Blades
 + Level 7.1(8.8) Long Blades
 + Level 1.7 Throwing
 + Level 3.1 Armour
 + Level 7.8 Dodging
 + Level 12.4 Stealth


You had 8 spell levels left.
You knew the following spells:

 Your Spells              Type           Power      Damage    Failure   Level
a - Freeze                Ice            0%         1d3       36%         1

Your spell library contained the following spells:

 Spells                   Type           Power      Damage    Failure   Level
 Apportation              Tloc           0%         N/A       36%         1
 Summon Small Mammal      Summ           0%         N/A       36%         1
 Ensorcelled Hibernation  Hex/Ice        0%         N/A       50%         2
 Jinxbite                 Hex            0%         N/A       50%         2
 Call Canine Familiar     Summ           0%         N/A       75%         3
 Dazzling Flash           Conj/Hex       0%         N/A       75%         3
 Frozen Ramparts          Ice            0%         1d1       75%         3
 Fugue of the Fallen      Necr           0%         N/A       75%         3
 Hailstorm                Conj/Ice       0%         3d5       75%         3
 Passwall                 Erth           0%         N/A       75%         3
 Summon Ice Beast         Ice/Summ       0%         N/A       75%         3
 Swiftness                Air            0%         N/A       75%         3
 Volatile Blastmotes      Fire/Tloc      0%         2d10      75%         3
 Anguish                  Hex/Necr       0%         N/A       98%         4
 Summon Blazeheart Golem  Fire/Summ      0%         N/A       98%         4
 Alistair's Intoxication  Alch           0%         N/A       100%        5
 Sculpt Simulacrum        Ice/Alch       0%         N/A       100%        6
 Starburst                Conj/Fire      0%         6d3       100%        6
 Maxwell's Capacitive Co  Air            0%         ∞         100%        8


Dungeon Overview and Level Annotations

Branches:
Dungeon (8/15)             Temple (1/1) D:5            Lair (0/5) D:8

Altars:
Ashenzari
Cheibriados
Dithmenos
Gozag
Hepliaklqana
Kikubaaqudgha
Makhleb
Nemelex Xobeh
Okawaru
Qazlal
Ru
Sif Muna
Trog
Uskayaw
Vehumet
Wu Jian
Xom
Yredelemnul

Shops:
D:8 [

Annotations:
D:5 2 transporters, pokeman's ghost, novice DEHW


Innate Abilities, Weirdness & Mutations

Your natural rate of healing is accelerated.
You have razor-sharp teeth.
You have supernaturally acute eyesight. (SInv)
You are afflicted with vampirism and can become a bat while bloodless.


Message History

You completely miss the deep elf pyromancer.
You punch the deep elf pyromancer.
The deep elf pyromancer is heavily wounded.
The deep elf pyromancer casts a spell at you.
The bolt of fire hits you!
You barely miss the deep elf pyromancer.
The deep elf pyromancer is heavily wounded.
The arcanist casts a spell.
The arcanist seems to speed up.
The deep elf pyromancer gestures at you while chanting.
The bolt of fire hits you!
* * * LOW HITPOINT WARNING * * *
You slash the deep elf pyromancer! You bite the deep elf pyromancer!
The deep elf pyromancer is almost dead.
The deep elf pyromancer casts a spell.
The deep elf pyromancer blinks!
You barely miss the deep elf pyromancer.
The deep elf pyromancer is almost dead.
The deep elf pyromancer closely misses you.
A seven-headed hydra comes into view.
You hit the deep elf pyromancer.
You kill the deep elf pyromancer!
Dithmenos accepts your kill.
The centaur warrior hits you with a +6 morningstar of freezing!
* * * LOW HITPOINT WARNING * * *
The centaur warrior freezes you.
* * * LOW HITPOINT WARNING * * *
The centaur warrior kicks you.
* * * LOW HITPOINT WARNING * * *
Your Fighting skill increases to level 6!
Your base Long Blades skill increases to level 7!
You feel yourself speed up.
The centaur warrior completely misses you.
The centaur warrior kicks you but does no damage.
The centaur warrior unwields a +6 morningstar of freezing.
The centaur warrior wields a +0 orcbow.
The centaur warrior shoots an arrow.
The arrow misses you.
The centaur warrior shoots an arrow.
The arrow closely misses you.
The centaur warrior shoots an arrow.
The arrow hits you!!
You die...

...##.........##..#######.......#
...#...........#.##.)# ##......#
...#)..._._....###.### ##.....#
.<.#.....⌠......#.## ##....#
...#...._._......## #....#
...#.............# #...>#
...##.........#..# # #.)...
....##.......##..# h# #.)...
.....##.....####@## .# #.)...
###÷..###.....###.## D# ##.....
##....##.)#..###.##l##.##......
#....##..#.#..###)cC..##.......
#...##..#####..########..##....
###...#..#.#[###..#.......###....
#.....#.###...###.#.#.#.### #....
#.#...##.#..(..#.##.#...# #####
#.#...#.###...###.#.#...#


You could see a centaur warrior.

Vanquished Creatures
  3 centaur warriors (D:8)
  The ghost of cforsyth the Fighter, a novice DjWr (D:6)
  A deep elf pyromancer (D:8)
  Joseph (D:8)
  A cane toad (shapeshifter) (D:8)
  A shadow (D:8)
  Sigmund (D:5)
  Edmund (D:4)
  An acid dragon (D:8)
  2 water moccasins
  Duvessa (D:5)
  A black bear (D:6)
  A sky beast (D:6)
  An ogre (D:4)
  2 centaurs
  A phantom (D:7)
  2 kobold brigands (D:8)
  6 bullfrogs (D:8)
  Blork the orc (D:5)
  2 gnoll sergeants
  2 scorpions
  4 wights (D:7)
  Dowan (D:5)
  A howler monkey (D:8)
  3 bombardier beetles
  3 jellies
  5 hounds
  A sleepcap (D:7)
  3 orc wizards
  2 iguanas (D:5)
  15 gnolls
  8 adders
  2 shadow imps
  An ufetubus (D:5)
  4 ribbon worms
  29 orcs
  3 bats (D:2)
  4 endoplasms
  2 giant cockroaches
  10 goblins
  11 hobgoblins
  3 jackals
  15 kobolds
  A quokka (D:2)
  9 ball pythons
  7 frilled lizards
  5 rats
185 creatures vanquished.

Notes
Turn   | Place    | Note
-------+----------+-------------------------------------------
     0 | D:1      | CraigForest the Vampire Brigand began the quest for the
                  | Orb.
     0 | D:1      | Reached XP level 1. HP: 16/16 MP: 1/1
    35 | D:1      | Reached skill level 6 in Stealth
   135 | D:1      | Reached XP level 2. HP: 22/22 MP: 2/2
   680 | D:2      | Gained mutation: You are afflicted with vampirism and can
                  | become a bat while bloodless. [Vampire growth]
   680 | D:2      | Reached XP level 3. HP: 22/27 MP: 3/3
   684 | D:2      | Reached skill level 7 in Stealth
   693 | D:2      | Identified the +1 robe of the Skies Above {rElec Str+6}
  1250 | D:3      | Reached XP level 4. HP: 24/33 MP: 4/4
  1567 | D:3      | Found a bloodstained altar of Trog.
  1834 | D:3      | Reached XP level 5. HP: 38/38 MP: 5/5
  1871 | D:3      | Reached skill level 8 in Stealth
  2248 | D:4      | Noticed Edmund
  2255 | D:4      | Killed Edmund
  2256 | D:4      | Reached XP level 6. HP: 45/45 MP: 6/6
  2386 | D:4      | Reached skill level 9 in Stealth
  3038 | D:5      | Entered Level 5 of the Dungeon
  3038 | D:5      | Noticed Blork the orc
  3048 | D:5      | Killed Blork the orc
  3049 | D:5      | Reached skill level 5 in Short Blades
  3049 | D:5      | Reached XP level 7. HP: 36/51 MP: 7/7
  3050 | D:5      | Noticed Sigmund
  3092 | D:5      | Noticed pokeman's ghost (novice DEHW)
  3092 | D:5      | Noticed Duvessa
  3092 | D:5      | Found a transporter.
  3093 | D:5      | Noticed Dowan
  3160 | D:5      | Killed Dowan
  3253 | D:5      | Killed Duvessa
  3254 | D:5      | Reached skill level 10 in Stealth
  3344 | D:5      | Killed Sigmund
  3507 | D:5      | Reached XP level 8. HP: 34/58 MP: 8/8
  3626 | D:5      | Found a transporter.
  4025 | D:5      | Identified the +2 leather armour of a bailey {Will+ Regen+
                  | rCorr}
  4283 | D:5      | Found a staircase to the Ecumenical Temple.
  4369 | Temple   | Entered the Ecumenical Temple
  4376 | Temple   | Became a worshipper of Dithmenos the Shadowed
  4532 | D:6      | Reached skill level 5 in Dodging
  4532 | D:6      | Reached skill level 11 in Stealth
  4599 | D:6      | Found a large runed translucent door.
  4599 | D:6      | Found a large runed translucent door.
  4645 | D:6      | Noticed cforsyth's ghost (novice DjWr)
  5381 | D:6      | Reached skill level 1 in Armour
  5557 | D:6      | Killed cforsyth's ghost
  5558 | D:6      | Reached XP level 9. HP: 53/66 MP: 9/9
  5878 | D:7      | Found a hide-covered altar of Uskayaw.
  5972 | D:7      | Found a snail-covered altar of Cheibriados.
  6177 | D:7      | Reached * piety under Dithmenos
  6281 | D:7      | Reached skill level 1 in Long Blades
  6451 | D:7      | Learned a level 1 spell: Freeze
  6572 | D:8      | Found Bukyulio's Antique Armour Emporium.
  6673 | D:8      | Reached skill level 5 in Fighting
  6723 | D:8      | Found an ancient bone altar of Kikubaaqudgha.
  6726 | D:8      | Found a shimmering altar of Xom.
  6737 | D:8      | Reached skill level 12 in Stealth
  6769 | D:8      | Found a staircase to the Lair.
  6992 | D:8      | Noticed Joseph
  7007 | D:8      | Killed Joseph
  7017 | D:8      | Reached XP level 10. HP: 68/74 MP: 10/10
  7194 | D:8      | Found a shimmering altar of Xom.
  7227 | D:8      | Noticed a centaur warrior
  7230 | D:8      | Noticed an arcanist
  7233 | D:8      | Noticed a centaur warrior
  7244 | D:8      | Killed a centaur warrior
  7244 | D:8      | Noticed a centaur warrior
  7245 | D:8      | Reached skill level 5 in Long Blades
  7246 | D:8      | Noticed a cyclops
  7246 | D:8      | Noticed a cane toad
  7250 | D:8      | Killed a centaur warrior
  7256 | D:8      | Killed a cane toad
  7258 | D:8      | Noticed a deep elf pyromancer
  7260 | D:8      | Noticed a centaur warrior
  7262 | D:8      | Killed a centaur warrior
  7272 | D:8      | Noticed a seven-headed hydra
  7272 | D:8      | Killed a deep elf pyromancer
  7276 | D:8      | Shot with an arrow by a centaur warrior

Illustrated notes

Levels and vault maps discovered:
D:1:      ebering_trefoil_twist, layout_basic
D:2:      layout_rooms
D:3:      cheibrodos_greedy_goblins, layout_loops_ring, trog_book
D:4:      layout_basic, uniq_edmund
D:5:      layout_rooms, temple_hall, gammafunk_ghost_mausoleum,
          minmay_joined_circles, uniq_sigmund, uniq_duvessa, uniq_blork_the_orc
D:6:      layout_basic, ebering_ghost_disaster_area
D:7:      layout_loops_ring, mainiacjoe_overflow_catch_the_wave
D:8:      minmay_the_grid_octo_triangle [minmay_the_grid_octo_shrine,
          minmay_the_grid_octo_prize_big_c, minmay_the_grid_octo_fat_diamond],
          layout_rooms, lair_entry_dummy, serial_shops, shop, uniq_joseph
Temple:   nicolae_temple_no_exploring_needed

Skill      XL: |  1  2  3  4  5  6  7  8  9 10 |
---------------+-------------------------------+-----
Stealth        | 6 7 8 9 10 11 12 | 12.4
Short Blades   | 3 4 5 6 8 |  8.6
Fighting       | 2 3 4 5 6 |  6.0
Dodging        | 2 3 4 6 7 |  7.8
Armour         | 2 3 |  3.1
Long Blades    | 4 7 |  7.1
Throwing       | |  1.7

Action                     |  1- 3 |  4- 6 |  7- 9 | 10-12 || total
---------------------------+-------+-------+-------+-------++-------
  Melee: Dagger            |   111 |   171 |   476 |       ||   758
         Bite              |     8 |    19 |    92 |     7 ||   126
         Punch             |       |    12 |    47 |     7 ||    66
         Long sword        |       |       |   120 |    50 ||   170
    Use: Scroll            |     4 |     1 |    16 |       ||    21
         Potion            |       |     1 |     2 |     2 ||     5
   Stab: Sleeping          |    10 |    14 |    14 |       ||    38
         Distracted        |       |       |     2 |       ||     2
 Armour: Robe              |    44 |    36 |    70 |       ||   150
         Skin              |       |    14 |     1 |       ||    15
         Leather armour    |       |       |   125 |    44 ||   169
  Dodge: Dodged            |   109 |   125 |   450 |    64 ||   748

Table legend: (Time is in decaauts)
 A = Elapsed time spent in this place.
 B = Non-inter-level travel time spent in this place.
 C = Inter-level travel time spent in this place.
 D = Time resting spent in this place.
 E = Time spent auto-exploring this place.
 F = Levels seen in this place.
 G = Mean time per level.
                   A        B        C        D        E       F      G
               +--------+--------+--------+--------+--------+-----+--------+
         Total |   7078 |   6906 |    172 |    623 |   3717 |   9 |  786.4 |
       Dungeon |   7064 |   6892 |    172 |    623 |   3717 |   8 |  883.0 |
        Temple |     14 |     14 |      0 |      0 |      0 |   1 |   14.0 |
               +--------+--------+--------+--------+--------+-----+--------+

Top non-repeatable levels by time:
     D:6: 1264 daAuts
     D:5: 1171 daAuts
     D:4: 1044 daAuts
     D:3: 929 daAuts
     D:7: 780 daAuts
     D:8: 714 daAuts
     D:1: 637 daAuts
     D:2: 523 daAuts
  Temple: 14 daAuts
